Map: Port Aleksander LE

Players

soO

  • Race: Zerg Zerg
  • Spawn Location: 5:00

Hurricane - Winner!

  • Race: Protoss Protoss
  • Spawn Location: 11:00

Event: IEM Season 13: Katowice (2019)

VOD

Have the link to the VOD?

Description

Time

  • Played on: Feb. 26, 2019, 6:35 a.m.
  • Length: 9:59

All games in this series

Show
View Real Time Build Order
Export as new Build Order

soO Zerg 

Build Orders: Hatch First 

Get SALT Encoding   

  12  0:00  Drone  
  13  0:12  Overlord  
  13  0:17  Drone  
  14  0:30  Drone x2  
  16  0:48  Hatchery  
  15  0:52  Drone  
  15  0:56  Drone  
  17  0:59  Drone  
  18  1:09  Extractor  
  17  1:14  Spawning Pool  
  17  1:18  Drone  
  17  1:21  Drone  
  18  1:28  Drone  
  19  1:38  Drone  
  20  1:50  Drone, Hatchery  
  20  2:01  Queen  
  20  2:05  Drone  
  20  2:07  Drone  
  24  2:11  Drone  
  24  2:13  Drone  
  26  2:21  Overlord  
  26  2:28  Queen  
  28  2:40  Zergling x4  
  28  2:42  Drone  
  31  2:48  Queen  
  33  2:53  Overlord  
  33  2:54  Drone  
  34  2:59  Drone x2  
  36  3:09  Queen  
  36  3:10  Drone  
  36  3:12  Drone  
  39  3:13  Drone  
  39  3:14  Drone  
  39  3:19  Drone  
  42  3:21  Drone  
  43  3:27  Drone  
  43  3:28  Drone x2  
  43  3:31  Lair  
  46  3:35  Drone  
  46  3:37  Drone x2  
  46  3:38  Roach Warren  
  46  3:40  Drone x2  
  50  3:50  Overlord  
  50  3:53  Overlord  
  50  3:55  Extractor  
  50  3:57  Extractor, Drone  
  50  3:58  Drone  
  50  3:59  Overlord  
  50  4:07  Queen, Overlord  
  50  4:09  Drone x4  
  56  4:10  Drone  
  56  4:12  Drone  
  56  4:16  Overlord  
  58  4:19  Roach x2  
  62  4:26  Roach x2  
  62  4:30  Glial Reconstitution  
  66  4:31  Overseer  
  66  4:35  Drone  
  66  4:36  Drone x4  
  70  4:41  Spore Crawler  
  70  4:45  Drone  
  66  4:47  Drone x2  
  66  4:50  Drone  
  64  4:54  Drone x2  
  66  5:03  Drone x4  
  70  5:10  Roach x2  
  70  5:11  Roach  
  76  5:20  Roach x3  
  82  5:23  Overlord  
  82  5:25  Overlord  
  82  5:26  Metabolic Boost  
  82  5:31  Overlord  
  81  5:37  Drone  
  81  5:40  Drone x2  
  81  5:41  Drone x2  
  77  5:45  Drone x4  
  77  5:47  Drone  
  77  5:49  Drone  
  82  5:51  Drone  
  82  5:52  Drone  
  82  5:53  Drone  
  85  6:00  Drone  
  85  6:02  Spire, Drone  
  85  6:03  Drone  
  87  6:07  Drone  
  83  6:17  Drone x2  
  83  6:18  Drone x2  
  87  6:20  Extractor  
  87  6:21  Extractor, Drone x3  
  88  6:27  Overlord  
  88  6:37  Roach x7  
  88  6:38  Overlord  
  102  6:48  Drone x2  
  102  6:49  Drone x3  
  107  6:55  Overseer  
  105  7:03  Drone x2  
  105  7:04  Drone  
  107  7:15  Mutalisk x6  
  109  7:21  Drone  
  109  7:22  Drone  
  121  7:23  Overlord  
  121  7:27  Overlord x2  
  120  7:30  Overlord  
  120  7:33  Hatchery  
  116  7:39  Overlord  
  116  7:41  Overlord  
  116  7:43  Drone x3  
  119  7:48  Roach x4  
  127  7:53  Roach x3  
  127  7:54  Roach x3  
  127  7:55  Roach x2  
  147  7:58  Roach x2  
  147  7:59  Roach  
  147  8:03  Evolution Chamber  
  148  8:13  Roach  
  148  8:14  Roach x4  
  148  8:16  Ravager  
  148  8:17  Ravager x2  
  148  8:18  Overlord  
  161  8:20  Overlord  
  161  8:26  Overlord  
  161  8:38  Roach x3  
  161  8:39  Roach x7  
  166  8:47  Ravager  
  166  8:48  Roach x3, Ravager  
  158  8:53  Roach x5  
  162  8:57  Ravager  
  162  8:59  Roach  
  162  9:02  Roach  
  143  9:07  Roach  
  143  9:08  Roach  
  143  9:09  Roach  
  133  9:13  Roach  
  133  9:14  Roach  
  112  9:18  Roach  
  112  9:21  Roach  
  112  9:22  Zergling x2  
  112  9:23  Roach  
  92  9:25  Zergling x2  
  92  9:26  Zergling x2  
  92  9:29  Zergling x4  
  81  9:31  Roach x3  
  81  9:36  Roach  
Show
View Real Time Build Order
Export as new Build Order

Hurricane Protoss - Winner!

Build Orders: 1 Gate Expand, Oracle Opening, Phoenix Opening, Archon Immortal 

Get SALT Encoding   

  12  0:00  Probe  
  13  0:12  Probe  
  14  0:20  Pylon  
  14  0:25  Probe  
  15  0:30  Assimilator  
  15  0:34  Probe  
  15  0:42  Probe  
  16  0:48  Gateway  
  17  0:52  Probe  
  18  1:04  Probe  
  19  1:16  Probe  
  20  1:25  Nexus  
  20  1:35  Cybernetics Core  
  20  1:38  Probe  
  21  1:43  Assimilator  
  21  1:50  Probe  
  22  1:55  Pylon  
  22  2:02  Probe  
  22  2:03  Adept  
  23  2:12  Warp Gate  
  23  2:15  Probe  
  26  2:20  Stargate  
  26  2:27  Probe  
  27  2:33  Probe, Stalker  
  29  2:37  Probe  
  29  2:42  Probe  
  31  2:45  Probe  
  33  2:52  Probe  
  33  2:54  Probe, Oracle  
  35  3:04  Probe  
  39  3:08  Probe  
  40  3:16  Probe  
  41  3:20  Probe, Pylon  
  41  3:24  Oracle  
  42  3:28  Probe  
  42  3:32  Pylon  
  46  3:38  Probe  
  46  3:40  Gateway  
  46  3:41  Probe  
  48  3:43  Gateway  
  48  3:50  Assimilator  
  48  3:51  Probe  
  48  3:53  Probe, Assimilator  
  50  3:58  Phoenix  
  50  4:02  Pylon  
  52  4:04  Probe  
  52  4:05  Probe  
  54  4:11  Adept  
  54  4:16  Probe, Pylon  
  57  4:19  Probe  
  57  4:22  Robotics Facility  
  58  4:29  Probe  
  59  4:34  Twilight Council  
  59  4:36  Probe  
  60  4:41  Probe  
  61  4:56  Gateway, Probe x2  
  61  4:57  Forge, Adept x2  
  67  5:00  Adept  
  67  5:01  Warp Prism, Pylon  
  67  5:02  Charge  
  71  5:18  Templar Archives  
  71  5:22  Probe x2  
  73  5:29  Immortal  
  73  5:31  Protoss Ground Weapons Level 1  
  67  5:50  Probe x2  
  67  5:51  Nexus  
  67  5:53  Pylon  
  69  6:03  Sentry x2  
  73  6:04  High Templar x2  
  74  6:13  Archon  
  78  6:29  Immortal  
  78  6:30  Gateway x2  
  78  6:34  Sentry x2, Gateway x2  
  78  6:37  Pylon  
  78  6:38  Probe  
  78  6:39  Probe  
  84  6:41  Zealot  
  84  6:45  Pylon  
  84  6:46  Pylon, Phoenix  
  86  6:48  Pylon  
  86  6:51  Pylon  
  86  6:56  Probe x2  
  86  6:58  Immortal  
  88  7:05  Zealot x2, High Templar x2  
  100  7:10  Archon  
  100  7:19  Probe x3, Protoss Ground Weapons Level 2  
  103  7:23  Photon Cannon  
  103  7:37  High Templar  
  103  7:38  Zealot x5  
  103  7:41  Pylon  
  115  7:45  High Templar  
  115  7:46  Zealot  
  115  7:49  Shield Battery  
  115  7:50  Archon  
  119  7:51  Pylon  
  119  8:05  Stalker x4  
  127  8:09  Stalker  
  126  8:18  Zealot x3  
  130  8:27  Zealot  
  130  8:28  Zealot x3  
  130  8:31  Photon Cannon  
  115  8:44  Sentry x3  
  115  8:45  Zealot x2  
  115  8:48  Zealot x3  
  113  9:08  Zealot x7  
  113  9:09  Immortal, Zealot  
  92  9:28  Zealot x2  
  92  9:29  Zealot x3  
  86  9:32  Zealot  
  86  9:33  Zealot  
  86  9:47  High Templar  
  86  9:48  High Templar  
  86  9:51  Zealot x4, Archon  
  92  9:53  Zealot  

Tags
 
Add a new tag
Caveats
  • Supply blocks, unpowered buildings, or Contaminate may cause inaccurate times.
  • Supply counts are checked every 10 seconds.